 Dungeon Crawl Stone Soup version 0.26-a0-1191-ge2a0e31ab3 (webtiles) character file.

Game seed: 2877508763732647495

13270 lessens the Fencer (level 12, -6/77 HPs)
             Began as a Halfling Berserker on Dec 29, 2020.
             Was a High Priest of Trog.
             Mangled by a large abomination (9 damage)
             ... on level 1 of the Abyss.
             The game lasted 00:23:26 (13605 turns).

lessens the Fencer (Halfling Berserker)            Turns: 13605, Time: 00:23:27

Health: -6/77      AC: 15    Str: 22    XL:     12   Next: 30%
Magic:  0/12       EV: 17    Int:  5    God:    Trog [*****.]
Gold:   756        SH:  0    Dex: 15    Spells: 11/11 levels left

rFire    . . .     SeeInvis .   m - +4 scimitar
rCold    + . .     Faith    .   (shield restricted)
rNeg     . . .     Spirit   +   q - +0 scale mail
rPois    .         Reflect  .   (no helmet)
rElec    .         Harm     .   M - +1 cloak
rCorr    .         Rampage  .   u - +0 pair of gloves
Will     .....                  (no boots)
Stlth    ..........             f - amulet of guardian spirit
HPRegen  0.22/turn              t - +4 ring of protection
MPRegen  0.13/turn              G - ring of protection from cold

@: berserk cooldown, slowed, very slow
A: small, mutation resistance 1
a: Renounce Religion, Berserk, Trog's Hand, Brothers in Arms


You were on level 1 of the Abyss.
You worshipped Trog.
Trog was extremely pleased with you.
You visited 1 branch of the dungeon, and saw 12 of its levels.
You visited the Abyss 1 time.

You collected 966 gold pieces.
You spent 210 gold pieces at shops.

Inventory:

Hand Weapons
 a - a +0 falchion
 m - a +4 scimitar (weapon)
 w - a +0 falchion of draining
 A - a +1 dagger of venom
 K - a +0 scimitar
 N - a +2 vorpal short sword
Missiles
 c - 438 stones
 s - 26 poisoned darts (quivered)
 x - 5 atropa-tipped darts
 y - 4 throwing nets
 L - 2 silver boomerangs
 P - 4 boomerangs
Armour
 q - a +0 scale mail (worn)
 u - a +0 pair of gloves (worn)
 M - a +1 cloak (worn)
 S - a +1 pair of gloves
Jewellery
 f - an amulet of guardian spirit (around neck)
 o - an uncursed ring of ice
 t - a +4 ring of protection (left hand)
 G - a ring of protection from cold (right hand)
 O - an uncursed ring of fire
Wands
 D - a wand of iceblast (3)
 F - a wand of digging (2)
 I - a wand of enslavement (9)
 Q - a wand of acid (10)
Scrolls
 d - 6 scrolls of teleportation
 g - 2 scrolls of fear
 h - 2 scrolls of enchant armour {unknown}
 i - 4 scrolls of fog
 j - 8 scrolls of remove curse
 k - 2 scrolls of identify
 r - 2 scrolls of amnesia {unknown}
 v - 3 scrolls of noise {unknown}
 C - a scroll of blinking {unknown}
 E - 2 scrolls of magic mapping {unknown}
 H - 3 scrolls of enchant weapon {unknown}
 J - a scroll of torment {unknown}
Potions
 b - a potion of attraction
 e - 4 potions of mutation
 l - 2 potions of flight
 n - 9 potions of curing
 p - 3 potions of heal wounds
 z - a potion of magic
 B - 5 potions of might
 R - a potion of lignification {unknown}


   Skills:
 + Level 5.2 Fighting
 * Level 15.2 Long Blades
 + Level 5.7 Armour
 - Level 7.1 Dodging
 - Level 5.0 Evocations


You had 11 spell levels left.
You didn't know any spells.
Your spell library was empty.

Dungeon Overview and Level Annotations

Branches:
Dungeon (12/15)            Temple (0/1) D:6            Lair (0/6) D:8
    Orc (0/2) D:9

Altars:
Cheibriados
Dithmenos
Elyvilon
Fedhas
Gozag
Kikubaaqudgha
Makhleb
Qazlal
Sif Muna
Trog
Uskayaw
Wu Jian
Xom
Yredelemnul
The Shining One

Shops:
D:9 *:*

Annotations:
D:2 Sigmund
D:6 1 runed translucent door, sahdkjhfkaj's ghost, novice DDWr
D:12 Sonja


Innate Abilities, Weirdness & Mutations

You are small and have problems with some larger weapons.
You are somewhat resistant to further mutation.


Message History

You slash the large abomination!
The large abomination is severely damaged.
The large abomination hits you!!
* * * LOW HITPOINT WARNING * * *
You hit the large abomination.
The large abomination is severely damaged.
The large abomination closely misses you.
You riposte.
You hit the large abomination.
The large abomination is severely damaged.
You hit the large abomination.
The large abomination is severely damaged.
The large abomination closely misses you.
You hit the large abomination.
The large abomination is almost destroyed.
The large abomination hits you!
* * * LOW HITPOINT WARNING * * *
You hit the large abomination but do no damage.
The large abomination is almost destroyed.
The large abomination hits you!
You die...

# . #. #.# #
####.# ##.#
#....X#..## #
##.@## .## #
##...##.# .#
#...###....#.#
.#......#...#
#..#..#.#...#
# #
##.#.#..#### #
#..##### ....
. .### . # .
... ##. .. .#
... ..


You could see a large abomination.

Vanquished Creatures
  4 two-headed ogres
  An ugly thing (D:11)
  A cyclops (D:10)
  A centaur zombie (D:12)
  Joseph (D:7)
  3 komodo dragons
  A troll (D:9)
  Grinder (D:5)
  A wraith (D:11)
  5 yaks (D:11)
  3 wyverns
  A basilisk (D:8)
  Menkaure (D:5)
  Duvessa (D:5)
  3 water moccasins
  5 orc warriors
  2 swamp drakes
  4 sky beasts
  2 ice beasts
  6 black bears
  A phantom (D:10)
  2 necrophages
  2 eyes of draining (D:8)
  5 centaurs
  6 ogres
  6 bullfrogs
  A gnoll sergeant (D:9)
  A wyvern skeleton (D:11)
  Dowan (D:5)
  7 scorpions
  3 killer bees (D:10)
  13 wights
  2 howler monkeys
  An electric eel (D:6)
  A quasit (D:10)
  2 jellies
  A centaur skeleton (D:8)
  6 hounds
  2 bullfrog skeletons
  6 orc priests
  7 orc wizards
  Crazy Yiuf (D:2)
  4 iguanas
  6 worker ants
  2 killer bee zombies
  2 hound skeletons
  A hound zombie (D:10)
  A howler monkey zombie (D:11)
  8 gnolls
  5 adders
  A shadow imp (D:10)
  A worm (D:6)
  6 leopard geckos
  41 orcs
  4 giant cockroaches
  15 goblins
  12 hobgoblins
  18 jackals
  14 kobolds
  4 quokkas
  A ball python (D:1)
  6 bats
  A frilled lizard (D:1)
  2 gnoll zombies (D:6)
  A leopard gecko skeleton (D:4)
  A quokka skeleton (D:9)
  9 rats
290 creatures vanquished.

Vanquished Creatures (others)
  A wyvern (D:8)
  A fungus (D:2)
  A plant (D:5)
3 creatures vanquished.

Grand Total: 293 creatures vanquished

Notes
Turn   | Place    | Note
-------+----------+-------------------------------------------
     0 | D:1      | lessens the Halfling Berserker began the quest for the Orb.
     0 | D:1      | Reached XP level 1. HP: 15/15 MP: 1/1
    81 | D:1      | Reached XP level 2. HP: 12/20 MP: 2/2
   483 | D:1      | Reached skill level 4 in Long Blades
   483 | D:1      | Reached XP level 3. HP: 24/25 MP: 3/3
  1193 | D:1      | Reached ** piety under Trog
  1639 | D:2      | Found an ancient bone altar of Kikubaaqudgha.
  1734 | D:2      | Noticed Sigmund
  1828 | D:2      | Found a white marble altar of Elyvilon.
  1898 | D:2      | Found an opulent altar of Gozag.
  1928 | D:2      | Reached XP level 4. HP: 29/30 MP: 4/4
  2188 | D:2      | Found a runed translucent door.
  2189 | D:2      | Noticed Crazy Yiuf
  2206 | D:2      | Killed Crazy Yiuf
  2207 | D:2      | Reached skill level 5 in Long Blades
  2264 | D:2      | Found a shimmering blue altar of Sif Muna.
  2341 | D:3      | Found a glowing golden altar of the Shining One.
  2451 | D:3      | Found an ornate altar of the Wu Jian Council.
  2619 | D:3      | Found a burning altar of Makhleb.
  3098 | D:4      | Found a blossoming altar of Fedhas.
  3120 | D:4      | Reached XP level 5. HP: 19/35 MP: 5/5
  3506 | D:4      | Reached skill level 6 in Long Blades
  3542 | D:4      | Noticed a centaur
  3552 | D:4      | Killed a centaur
  3553 | D:4      | Reached XP level 6. HP: 34/41 MP: 2/6
  3798 | D:4      | Reached skill level 7 in Long Blades
  3893 | D:4      | Reached XP level 7. HP: 40/45 MP: 5/7
  4289 | D:5      | Entered Level 5 of the Dungeon
  4295 | D:5      | Noticed Duvessa
  4295 | D:5      | Noticed Dowan
  4314 | D:5      | Reached *** piety under Trog
  4314 | D:5      | Noticed a water moccasin
  4332 | D:5      | Killed a water moccasin
  4333 | D:5      | Reached skill level 8 in Long Blades
  4444 | D:4      | Reached XP level 8. HP: 39/51 MP: 8/8
  4476 | D:4      | Reached skill level 9 in Long Blades
  4593 | D:5      | Noticed Grinder
  4777 | D:5      | Killed Dowan
  4778 | D:5      | Reached skill level 10 in Long Blades
  4782 | D:5      | Killed Duvessa
  4933 | D:5      | Noticed Menkaure
  5263 | D:5      | Reached **** piety under Trog
  5357 | D:5      | Paralysed by Grinder for 3 turns
  5396 | D:5      | Paralysed by Grinder for 3 turns
  5405 | D:5      | Killed Grinder
  5406 | D:5      | Reached XP level 9. HP: 46/55 MP: 6/9
  5539 | D:5      | Killed Menkaure
  5540 | D:5      | Reached skill level 11 in Long Blades
  6063 | D:6      | Found a bloodstained altar of Trog.
  6206 | D:6      | Found a basalt altar of Yredelemnul.
  6242 | D:6      | Found a stormy altar of Qazlal.
  6492 | D:6      | Found a snail-covered altar of Cheibriados.
  6566 | D:6      | Found a runed translucent door.
  6805 | D:6      | Found a staircase to the Ecumenical Temple.
  7275 | D:6      | Noticed sahdkjhfkaj's ghost (novice DDWr)
  7350 | D:7      | Reached skill level 12 in Long Blades
  7421 | D:7      | Found a hide-covered altar of Uskayaw.
  7942 | D:7      | Noticed Joseph
  7958 | D:7      | Killed Joseph
  7959 | D:7      | Reached skill level 5 in Dodging
  7959 | D:7      | Reached XP level 10. HP: 61/61 MP: 8/10
  7997 | D:7      | Found a bloodstained altar of Trog.
  8162 | D:8      | Noticed a two-headed ogre
  8175 | D:8      | Killed a two-headed ogre
  8451 | D:8      | Reached skill level 13 in Long Blades
  9119 | D:8      | Reached skill level 1 in Evocations
  9237 | D:8      | Noticed a komodo dragon
  9251 | D:8      | Killed a komodo dragon
  9296 | D:8      | Noticed a komodo dragon
  9297 | D:8      | Reached ***** piety under Trog
  9467 | D:8      | Killed a komodo dragon
  9468 | D:8      | Reached XP level 11. HP: 66/66 MP: 8/11
  9538 | D:8      | Found a staircase to the Lair.
  9538 | D:8      | Noticed a two-headed ogre
  9552 | D:8      | Killed a two-headed ogre
  9763 | D:9      | Reached skill level 5 in Evocations
  9767 | D:9      | Found a staircase to the Orcish Mines.
  9802 | D:9      | Reached skill level 14 in Long Blades
 10053 | D:9      | Found Unnag's Book Boutique.
 10056 | D:9      | Found Geun's Assorted Antiques.
 10101 | D:9      | Bought an embroidered cloak for 210 gold pieces
 10169 | D:9      | Found a shimmering altar of Xom.
 10361 | D:9      | Found a shadowy altar of Dithmenos.
 10462 | D:9      | Found Binuina's General Store.
 10869 | D:10     | Entered Level 10 of the Dungeon
 10881 | D:10     | Received a gift from Trog
 11051 | D:10     | Noticed a cyclops
 11063 | D:10     | Killed a cyclops
 11447 | D:10     | Noticed a two-headed ogre
 11455 | D:10     | Killed a two-headed ogre
 11467 | D:10     | Noticed a two-headed ogre
 11481 | D:10     | Killed a two-headed ogre
 12317 | D:11     | Reached XP level 12. HP: 75/75 MP: 12/12
 12544 | D:11     | Reached skill level 5 in Armour
 12567 | D:11     | Reached skill level 15 in Long Blades
 12800 | D:11     | Reached skill level 5 in Fighting
 13557 | D:12     | Noticed Sonja
 13570 | D:12     | Cast into level 1 of the Abyss (Sonja)
 13570 | Abyss:1  | Found a corrupted altar of Lugonu.
 13604 | Abyss:1  | HP: 2/77 [large abomination (12)]
 13605 | Abyss:1  | Mangled by a large abomination

Illustrated notes

Levels and vault maps discovered:
D:1:      minmay_arrival_cross, layout_basic, chequers_serial_rivers_small_a
D:2:      layout_rooms, lemuel_crystal_altar, lemuel_blue_sif_altar,
          old_standard_altar, marbit_many_paths, uniq_crazy_yiuf_cottage,
          uniq_sigmund
D:3:      layout_loops_ring, tso_metal_star, general_overflow_altar,
          nzn_wu_jian_contemplation, minmay_misc_feat_five
D:4:      minmay_inner_zag, layout_loops_ring, nicolae_overflow_crystal_walls,
          kennysheep_windowed_goal
D:5:      corexii_shantytown, layout_rooms, uniq_menkaure, uniq_duvessa,
          uniq_grinder
D:6:      layout_loops_corners, nicolae_qazlal_general_emergency,
          cheibrodos_worm_habitat, lemuel_zombie_altar_yredelemnul,
          lemuel_temple_firewalk_b, ebering_ghost_sewer_d, basic_altar,
          fountainhead, nrook_uturn
D:7:      layout_rooms, eat_drink_and_be_merry_uskayaw,
          lemuel_coloured_pillars_altar, uniq_joseph
D:8:      layout_loops_ring, erik_lair_dragon
D:9:      layout_roguey, xom_butterflies, kennysheep_mini_moat, erik_orc_1,
          serial_shops, shop, nicolae_shop_crystal, shop
D:10:     layout_loops_ring
D:11:     layout_irregular_city
D:12:     layout_cave_pools, uniq_jorgrun, uniq_sonja
Abyss:1:  base:
D:7

Skill      XL: |  1  2  3  4  5  6  7  8  9 10 11 12 |
---------------+-------------------------------------+-----
Long Blades    | 4 5 6 7 8 10 12 13 14 15 | 15.2
Dodging        | 5 7 |  7.1
Evocations     | 3 5 |  5.0
Fighting       | 4 5 |  5.2
Armour         | 4 5 |  5.7

Action                   |  1- 3 |  4- 6 |  7- 9 | 10-12 || total
-------------------------+-------+-------+-------+-------++-------
Melee: Falchion          |   109 |   136 |   407 |   101 ||   753
       Dagger            |       |       |       |   229 ||   229
       Scimitar          |       |       |       |   309 ||   309
Throw: Dart              |       |       |     7 |     8 ||    15
Invok: Berserk           |       |       |     5 |     8 ||    13
       Trog's Hand       |       |       |     2 |     1 ||     3
Evoke: Wand              |       |       |     2 |     7 ||     9
  Use: Scroll            |       |     4 |     9 |     4 ||    17
       Potion            |       |     1 |       |       ||     1
 Stab: Sleeping          |     2 |       |       |       ||     2
       Confused          |       |       |       |     2 ||     2
Armor: Animal skin       |    21 |     2 |       |       ||    23
       Scale mail        |       |    39 |   125 |   103 ||   267
Dodge: Dodged            |    86 |    92 |   209 |   364 ||   751
       Rpst.: Falchion   |    30 |    34 |    61 |     9 ||   134
       Scimitar          |       |       |       |    53 ||    53

Table legend: (Time is in decaauts)
 A = Elapsed time spent in this place.
 B = Non-inter-level travel time spent in this place.
 C = Inter-level travel time spent in this place.
 D = Time resting spent in this place.
 E = Time spent auto-exploring this place.
 F = Levels seen in this place.
 G = Mean time per level.
                   A        B        C        D        E       F      G
               +--------+--------+--------+--------+--------+-----+--------+
         Total |  13416 |  12769 |    647 |   1762 |   8868 |  13 | 1032.0 |
       Dungeon |  13368 |  12721 |    647 |   1762 |   8868 |  12 | 1114.0 |
         Abyss |     47 |     47 |      0 |      0 |      0 |   1 |   47.0 |
               +--------+--------+--------+--------+--------+-----+--------+

Top non-repeatable levels by time:
     D:4: 2011 daAuts
     D:8: 1617 daAuts
     D:1: 1436 daAuts
    D:11: 1417 daAuts
     D:6: 1302 daAuts
    D:10: 1218 daAuts
     D:5: 1095 daAuts
     D:9: 1051 daAuts
     D:2: 895 daAuts
     D:3: 699 daAuts
     D:7: 611 daAuts
 Abyss:1: 47 daAuts
    D:12: 12 daAuts
